 Dungeon Crawl Stone Soup version 0.29.1-1-gd02db6906a (webtiles) character file.

Game seed: 6876629380448919121

24249 Linkola the Impaler (level 12, -5/106 HPs)
             Began as a Minotaur Fighter on Sept 25, 2022.
             Was an Elder of Wu Jian.
             Slain by Rupert
             ... wielding a +2 vorpal great mace
              (41 damage)
             ... on level 13 of the Dungeon.
             The game lasted 01:00:28 (13756 turns).

Linkola the Impaler (Minotaur Fighter)             Turns: 13756, Time: 01:00:28

Health: -5/106     AC: 19    Str: 31    XL:     12   Next: 79%
Magic:  11/11      EV: 23    Int:  8    God:    Wu Jian [****..]
Gold:   58         SH:  0    Dex: 17    Spells: 11/11 levels left

rFire   . . .      SeeInvis .   k - +8 halberd of War {elec, Dex+3}
rCold   + . .      Faith    .   (shield currently unavailable)
rNeg    . . .      Spirit   .   q - +8 ring mail "Cuesoud" {rElec rC+}
rPois   .          Reflect  .   (helmet restricted)
rElec   +          Harm     .   h - +0 cloak
rCorr   .          Rampage  .   T - +0 pair of gloves
Will    .....                   l - +1 pair of boots
Stlth   +.........              e - amulet of the acrobat
HPRegen 0.27/turn               W - ring of Law {rElec Str+6 Int+3 Dex+3}
MPRegen 0.12/turn               u - +4 ring of slaying

@: in a heavenly storm, glowing, studying 2 skills, serpent's lash
A: horns 2, retaliatory headbutt
a: Renounce Religion, Wall Jump, Serpent's Lash


You were on level 13 of the Dungeon.
You worshipped Wu Jian.
Wu Jian was greatly pleased with you.
You visited 2 branches of the dungeon, and saw 15 of its levels.

You collected 871 gold pieces.
You spent 813 gold pieces at shops.

Inventory:

Hand Weapons
 k - the +8 halberd of War (weapon) {elec, Dex+3}
   (You took it off a gnoll on level 3 of the Dungeon)

   It occasionally discharges a powerful burst of electricity upon striking a
   foe.
   Dex:       It affects your dexterity (+3).
 v - a +3 spectral dire flail
Missiles
 n - 6 throwing nets
 L - 6 curare-tipped darts
 M - 2 javelins
 N - 12 poisoned darts (quivered)
 O - 2 boomerangs
Armour
 h - a +0 cloak (worn)
 i - a +0 kite shield
 l - a +1 pair of boots (worn)
 q - the +8 ring mail "Cuesoud" (worn) {rElec rC+}
   (You found it on level 2 of the Dungeon)

   rC:        It protects you from cold.
   rElec:     It insulates you from electricity.
 T - a +0 pair of gloves (worn)
Jewellery
 e - an amulet of the acrobat (around neck)
 u - a +4 ring of slaying (right hand)
 F - a ring of poison resistance
 I - a ring of see invisible
 R - a ring of protection from cold
 W - the ring of Law (left hand) {rElec Str+6 Int+3 Dex+3}
   (You bought it in a shop on level 12 of the Dungeon)

   [ring of strength]

   Str:       It affects your strength (+6).
   Int:       It affects your intelligence (+3).
   Dex:       It affects your dexterity (+3).
   rElec:     It insulates you from electricity.
Wands
 r - a wand of light (6)
 t - a wand of flame (33)
 w - a wand of roots (10)
 x - a wand of charming (20)
 y - a wand of mindburst (4)
 E - a wand of polymorph (10)
Scrolls
 m - 4 scrolls of teleportation
 p - 3 scrolls of fear
 z - 2 scrolls of summoning
 G - a scroll of brand weapon
 J - a scroll of butterflies {unknown}
 Q - a scroll of silence {unknown}
 S - 2 scrolls of enchant armour
Potions
 b - 5 potions of heal wounds
 c - a potion of ambrosia
 d - 3 potions of might
 j - 3 potions of resistance
 o - 4 potions of brilliance
 s - a potion of berserk rage
 A - a potion of degeneration {unknown}
 B - 3 potions of curing
 C - a potion of cancellation {unknown}
 K - a potion of haste
 V - a potion of attraction {unknown}
Miscellaneous
 P - a box of beasts


   Skills:
 + Level 10.0 Fighting
 * Level 9.0 Maces & Flails
 + Level 15.6 Polearms
 + Level 0.4 Ranged Weapons
 + Level 7.3 Throwing
 + Level 8.2 Armour
 * Level 10.5 Dodging
 + Level 4.4 Shields


You had 11 spell levels left.
You didn't know any spells.
Your spell library contained the following spells:

 Spells                   Type           Power      Damage    Failure   Level
 Foxfire                  Conj/Fire      0%         2x1d4     50%         1
 Call Canine Familiar     Summ           0%         N/A       86%         3
 Conjure Flame            Conj/Fire      0%         6-21      86%         3
 Inner Flame              Hex/Fire       0%         N/A       86%         3
 Portal Projectile        Hex/Tloc       0%         N/A       86%         3
 Flame Wave               Conj/Fire      0%         2d4       99%         4
 Leda's Liquefaction      Hex/Erth       0%         N/A       99%         4
 Olgreb's Toxic Radiance  Pois           0%         N/A       99%         4
 Alistair's Intoxication  Tmut/Pois      0%         N/A       100%        5
 Borgnjor's Vile Clutch   Necr/Erth      0%         N/A       100%        5
 Eringya's Noxious Bog    Tmut/Pois      0%         N/A       100%        6
 Ozocubu's Refrigeration  Ice            0%         4d7       100%        7
 Ignition                 Fire           0%         3d3       100%        8


Dungeon Overview and Level Annotations

Branches:
Dungeon (14/15) Temple (1/1) D:4 Lair (0/5) D:8 Orc (0/2) D:9 Vaults (0/5) D:13 D:14

Altars:
Cheibriados
Fedhas
Hepliaklqana
Kikubaaqudgha
Qazlal
Ru
Sif Muna
Wu Jian
Zin

Shops:
D:7 =   D:12 =   D:13 !

Annotations:
D:13 Rupert


Innate Abilities, Weirdness & Mutations

You have a pair of horns on your head.
You reflexively headbutt those who attack you in melee.


Message History

The centaur warrior kicks you but does no damage.
Rupert hits you with a +2 vorpal great mace!!
* * * LOW HITPOINT WARNING * * *
x2 The human hits you but does no damage. x2
You climb upwards.
There is a stone staircase leading down, spattered with blood here.
Items here: ) [ ÷ †.
You feel much better. The centaur warrior misses you.
The centaur warrior kicks you but does no damage.
Rupert barely misses you. You furiously retaliate!
You headbutt Rupert! The human barely misses you. The human misses you.
The centaur warrior misses you.
The centaur warrior kicks you but does no damage.
Rupert hits you with a +2 vorpal great mace.
* * * LOW HITPOINT WARNING * * *
x2 You feel much better.
The centaur warrior hits you but does no damage.
The centaur warrior barely misses you.
Rupert hits you with a +2 vorpal great mace.
The human hits you but does no damage. The human completely misses you.
Unknown command.
You spin and attack the human, with incredible momentum.
You slash the human! Lightning courses through the human!!
The human is almost dead.
You spin and attack the human, with incredible momentum.
You slash the human! You headbutt the human!
The human is severely wounded.
You spin and attack Rupert repeatedly, with incredible momentum.
You impale Rupert!! Lightning courses through Rupert!
Your headbutt misses Rupert.
Rupert is heavily wounded.
You slice Rupert!!
Rupert is heavily wounded.
Things that are here:
a human corpse; a human skeleton You feel much better.
The centaur warrior wields a +0 longbow.
The centaur warrior shoots an arrow.
The arrow hits you!!
Rupert hits you with a +2 vorpal great mace!!!
You die...

####### #.....# #.....# ###
#.....# ########.# #.....#
####........# ############.....##
............# #p@§§..............
............###☼@§§..............
##...........☼c§p§☼..............
$#######.....§§§☼☼§..............
.#.....#..............###########
#....##..............#.........#
#....#...............#.........#
##...#...............#.........#
###'###...............#.........#
..#...................#######'###


You could see Rupert (berserk), a centaur warrior and 2 humans.

Vanquished Creatures
  Harold (D:11)
  A boulder beetle (D:13)
  5 two-headed ogres
  Sonja (D:11)
  An orc knight (D:13)
  A deep elf pyromancer (D:12)
  2 cyclopes
  An ugly thing (D:11)
  2 manticores (D:12)
  2 gargoyles
  2 unseen horrors
  Maggie (D:7)
  2 komodo dragons
  5 kobold demonologists
  A tengu conjurer (D:13)
  4 trolls
  4 hornets
  A wind drake (shapeshifter) (D:13)
  Grinder (D:6)
  9 slime creatures
  2 wraiths
  A shadow (D:12)
  A vampire (D:12)
  12 yaks
  A wyvern (D:9)
  14 humans (D:13)
  Edmund (D:6)
  3 acid dragons
  2 water moccasins
  Duvessa (D:4)
  A meliai simulacrum (D:12)
  8 orc warriors
  An ice beast (D:6)
  4 centaurs
  4 phantoms
  2 kobold brigands
  Blork the orc (D:4)
  2 necrophages
  4 scorpions
  2 gnoll sergeants (D:9)
  8 wights
  Dowan (D:4)
  9 killer bees (D:8)
  3 howler monkeys
  The ghost of Jakudza the Gusty, a weakling TeAE (D:3)
  9 hounds
  2 jellies
  10 orc priests
  Crazy Yiuf (D:6)
  A gnoll bouda (D:3)
  3 iguanas
  9 orc wizards
  15 gnolls
  7 adders
  3 river rats (D:4)
  A shadow imp (D:6)
  3 ufetubi
  3 worms
  2 dart slugs (D:4)
  38 orcs
  11 ball pythons
  7 bats
  10 endoplasms
  6 giant cockroaches
  6 goblins
  8 hobgoblins
  2 jackals (D:3)
  16 kobolds
  3 quokkas
  6 frilled lizards (D:1)
  9 rats
327 creatures vanquished.

Vanquished Creatures (collateral kills)
  A yak (D:6)
1 creature vanquished.

Vanquished Creatures (others)
  A gnoll (D:3)
  9 plants
  A withered plant (D:5)
11 creatures vanquished.

Grand Total: 339 creatures vanquished

Notes
Turn   | Place    | Note
-------+----------+-------------------------------------------
     0 | D:1      | Linkola the Minotaur Fighter began the quest for the Orb.
     0 | D:1      | Reached XP level 1. HP: 19/19 MP: 0/0
   202 | D:1      | Reached XP level 2. HP: 27/27 MP: 1/1
   467 | D:1      | Found a faded altar of an unknown god.
   590 | D:1      | Reached skill level 1 in Dodging
   716 | D:1      | Reached XP level 3. HP: 33/33 MP: 2/2
  1470 | D:2      | Identified the +8 ring mail "Cuesoud" {rElec rC+}
  1750 | D:2      | Reached skill level 3 in Polearms
  1750 | D:2      | Reached XP level 4. HP: 40/40 MP: 3/3
  2040 | D:2      | Reached skill level 1 in Throwing
  2550 | D:3      | Noticed a necrophage
  2554 | D:3      | Reached XP level 5. HP: 47/47 MP: 4/4
  2568 | D:3      | Reached skill level 4 in Polearms
  2635 | D:3      | Found a transporter.
  2650 | D:3      | Identified the +8 halberd of War {elec, Dex+3}
  2705 | D:3      | Found a transporter.
  3089 | D:4      | Found a staircase to the Ecumenical Temple.
  3097 | Temple   | Entered the Ecumenical Temple
  3112 | Temple   | Became a worshipper of the Wu Jian Council
  3237 | D:4      | Reached XP level 6. HP: 53/53 MP: 5/5
  3258 | D:4      | Noticed Duvessa
  3259 | D:4      | Noticed Dowan
  3268 | D:4      | Killed Duvessa
  3269 | D:4      | Reached skill level 5 in Polearms
  3282 | D:4      | Killed Dowan
  3291 | D:4      | Noticed Blork the orc
  3301 | D:4      | Killed Blork the orc
  3391 | D:4      | Reached XP level 7. HP: 60/60 MP: 6/6
  4118 | D:4      | Reached * piety under Wu Jian
  4119 | D:4      | Reached skill level 6 in Polearms
  4268 | D:3      | Noticed Jakudza's ghost (weakling TeAE)
  4278 | D:3      | Killed Jakudza's ghost
  4279 | D:3      | Reached skill level 5 in Fighting
  4470 | D:5      | Entered Level 5 of the Dungeon
  4622 | D:5      | Noticed a two-headed ogre
  4631 | D:5      | Killed a two-headed ogre
  4632 | D:5      | Reached skill level 7 in Polearms
  4632 | D:5      | Reached skill level 5 in Armour
  4632 | D:5      | Reached XP level 8. HP: 70/70 MP: 7/7
  4700 | D:5      | Reached skill level 8 in Polearms
  5079 | D:5      | Found an ancient bone altar of Kikubaaqudgha.
  5084 | D:5      | Found a blossoming altar of Fedhas.
  5289 | D:5      | Reached skill level 5 in Dodging
  5491 | D:6      | Noticed Edmund
  5499 | D:6      | Killed Edmund
  5620 | D:6      | Reached XP level 9. HP: 69/75 MP: 8/8
  5621 | D:6      | Reached skill level 1 in Maces & Flails
  5621 | D:6      | Reached skill level 9 in Polearms
  5621 | D:6      | Reached skill level 5 in Throwing
  5671 | D:6      | Reached ** piety under Wu Jian
  5938 | D:6      | Noticed Grinder
  5945 | D:6      | Killed Grinder
  5946 | D:6      | Reached skill level 10 in Polearms
  5998 | D:6      | Found a runed translucent door.
  5999 | D:6      | Noticed Crazy Yiuf
  6003 | D:6      | Killed Crazy Yiuf
  6205 | D:7      | Noticed Maggie
  6209 | D:7      | Killed Maggie
  6323 | D:7      | Found Okly's Jewellery Boutique.
  7171 | D:8      | Reached skill level 11 in Polearms
  7171 | D:8      | Reached XP level 10. HP: 76/86 MP: 9/9
  7181 | D:8      | Reached *** piety under Wu Jian
  7589 | D:8      | Reached skill level 12 in Polearms
  7617 | D:8      | Found a staircase to the Lair.
  8059 | D:9      | Reached skill level 5 in Maces & Flails
  8102 | D:9      | Found a staircase to the Orcish Mines.
  8103 | D:9      | Reached **** piety under Wu Jian
  8411 | D:9      | Found a glowing silver altar of Zin.
  8474 | D:9      | Reached XP level 11. HP: 60/94 MP: 10/10
  9035 | D:10     | Entered Level 10 of the Dungeon
  9376 | D:10     | Reached skill level 13 in Polearms
  9668 | D:10     | Found a stormy altar of Qazlal.
  9976 | D:11     | Noticed a purple ugly thing
  9982 | D:11     | Killed a purple ugly thing
 10068 | D:11     | Noticed Harold
 10078 | D:11     | Killed Harold
 10526 | D:11     | Noticed a two-headed ogre
 10534 | D:11     | Killed a two-headed ogre
 10747 | D:11     | Noticed Sonja
 10756 | D:11     | Killed Sonja
 10872 | D:11     | Reached skill level 14 in Polearms
 11190 | D:12     | Noticed a two-headed ogre
 11196 | D:12     | Killed a two-headed ogre
 11256 | D:12     | Reached ***** piety under Wu Jian
 11265 | D:12     | Reached XP level 12. HP: 104/104 MP: 11/11
 11286 | D:12     | Noticed a two-headed ogre
 11291 | D:12     | Killed a two-headed ogre
 11972 | D:12     | Reached skill level 10 in Dodging
 12367 | D:12     | Found Ixtidiy's Jewellery Shoppe.
 12442 | D:13     | Noticed a boulder beetle
 12454 | D:13     | Killed a boulder beetle
 12455 | D:13     | Reached skill level 15 in Polearms
 12592 | D:13     | Found Zuanuy's Distillery.
 12975 | D:13     | Noticed a two-headed ogre
 12981 | D:13     | Killed a two-headed ogre
 13159 | D:13     | Noticed a boulder beetle
 13159 | D:13     | Noticed a four-headed hydra
 13159 | D:13     | Noticed a two-headed ogre
 13348 | D:12     | Bought the ring of Law {rElec Str+6 Int+3 Dex+3} for 813
                  | gold pieces
 13448 | D:14     | Noticed a centaur warrior
 13448 | D:14     | Noticed Rupert
 13448 | D:14     | Found a gate to the Vaults.
 13569 | D:13     | Reached skill level 10 in Fighting
 13756 | D:13     | Slain by Rupert

Illustrated notes

Levels and vault maps discovered:
D:1:      minmay_arrival_hallway, layout_basic,
          shapermc_ecumenical_altar_ellora, chequers_garden,
          minmay_misc_feat_rows, grunt_decor_clamped, minmay_circled_x
D:2:      layout_basic
D:3:      layout_rooms, gammafunk_ghost_gnarly_gnolls, minivault_5,
          minmay_distorted
D:4:      layout_loops_corners, temple_statues, portal_sewer_entry_e,
          grunt_ministairs_8, uniq_blork_the_orc, uniq_duvessa
D:5:      layout_loops_corners, grunt_temple_overflow_growth_and_decay,
          minmay_manual_monstrance
D:6:      layout_rooms, uniq_crazy_yiuf_cottage, uniq_grinder, uniq_edmund
D:7:      layout_loops_corners, minmay_shop_enchanted_jewellery,
          nicolae_underground_beach, uniq_maggie
D:8:      layout_rooms, david_lair_shrubbed
D:9:      layout_loops_ring, mainiacjoe_overflow_alcove_2, david_orc_5
D:10:     layout_small_grid, grunt_qazlal_sundering
D:11:     layout_grid_maze, uniq_harold, uniq_sonja
D:12:     layout_roguey, serial_shops, nicolae_lakefront_shop
D:13:     layout_irregular_city, serial_shops, kennysheep_mini_moat,
          lightli_corner_chamber
D:14:     layout_grid_maze, david_vaults_3, serial_shops, shop,
          dreamdust_princess_corridor, trog_three_pillars_becter
Temple:   regret_index_temple_mists

Skill      XL: |  1  2  3  4  5  6  7  8  9 10 11 12 |
---------------+-------------------------------------+-----
Fighting       | 4 5 6 7 9 10 | 10.0
Shields        | 4 |  4.4
Dodging        | 1 2 4 5 7 8 9 10 | 10.5
Armour         | 4 5 6 7 8 |  8.2
Polearms       | 3 4 5 7 8 11 12 14 15 | 15.6
Throwing       | 1 2 3 4 5 6 7 |  7.3
Maces & Flails | 3 5 7 9 |  9.0
Ranged Weapons | |  0.4

Action                   |  1- 3 |  4- 6 |  7- 9 | 10-12 || total
-------------------------+-------+-------+-------+-------++-------
Melee: Trident           |    80 |       |       |       ||    80
       Headbutt          |     5 |    11 |    23 |    74 ||   113
       Demon trident     |     5 |    92 |    60 |       ||   157
       Halberd           |       |       |   123 |   393 ||   516
 Fire: Sling             |    10 |       |       |       ||    10
Throw: Stone             |    20 |    24 |    19 |    10 ||    73
       Throwing net      |       |       |     1 |       ||     1
       Javelin           |       |       |     2 |    12 ||    14
       Dart              |       |       |       |    50 ||    50
Invok: Lunge             |       |     4 |    23 |    43 ||    70
       Whirlwind         |       |       |    45 |   128 ||   173
       Serpent's Lash    |       |       |       |     1 ||     1
       Heavenly Storm    |       |       |       |     1 ||     1
 Abil: Wall Jump         |       |       |       |     3 ||     3
Evoke: Wand              |       |       |     1 |       ||     1
  Use: Scroll            |       |    10 |     9 |     7 ||    26
       Potion            |       |       |     1 |     5 ||     6
Armor: Scale mail        |    28 |       |       |       ||    28
       Ring mail         |     3 |    42 |    63 |   134 ||   242
Dodge: Dodged            |    43 |    38 |    78 |   227 ||   386
Block: Buckler           |    11 |    10 |     6 |       ||    27
